 Dungeon Crawl Stone Soup version 0.30-a0-953-g5f1da4a474 (webtiles) character file.

Game seed: 9433526948619815855

1 xian the Gusty (level 1, 0/13 HPs)
             Began as a Demonspawn Air Elementalist on Mar 28, 2023.
             Slain by a jackal (1 damage)
             ... on level 1 of the Dungeon.
             The game lasted 00:00:13 (46 turns).

xian the Gusty (Demonspawn Air Elementalist)          Turns: 46, Time: 00:00:14

Health: 0/13       AC:  2    Str:  8    XL:     1   Next: 16%
Magic:  0/3        EV: 12    Int: 16    God:
Gold:   0          SH:  0    Dex: 13    Spells: 3/4 levels left

rFire   . . .      SeeInvis .    (no weapon)
rCold   . . .      Faith    .    (no shield)
rNeg    . . .      Spirit   .    a - +0 robe
rPois   .          Reflect  .    (no helmet)
rElec   .          Rampage  .    (no cloak)
rCorr   .                        (no gloves)
Will    .....                    (no boots)
Stlth   ++                       (no amulet)
HPRegen 0.22/turn                (no ring)
MPRegen 0.08/turn                (no ring)

@: no status effects
A: no striking features
a: no special abilities


You were on level 1 of the Dungeon.
You visited 1 branch of the dungeon, and saw 1 of its levels.

Inventory:

Armour
 a - a +0 robe (worn)
Potions
 b - a potion of magic


   Skills:
 + Level 1.7 Dodging
 + Level 1.7 Stealth
 + Level 2.1 Spellcasting
 + Level 1.0 Conjurations
 + Level 2.6 Air Magic


You had 3 spell levels left.
You knew the following spells:

 Your Spells              Type           Power      Damage    Failure   Level
a - Shock                 Conj/Air       28%        1d4       10%         1

Your spell library contained the following spells:

 Spells                   Type           Power      Damage    Failure   Level
 Static Discharge         Conj/Air       14%        2-3/arc   14%         2
 Swiftness                Air            10%        N/A       21%         3
 Airstrike                Air            5%         2d(1-17)  56%         4


Dungeon Overview and Level Annotations

Branches:
Dungeon (1/15)

Altars:


Message History

A jackal comes into view.
The jackal barks!
The jackal bites you.
The jackal barks!
You hit the jackal but do no damage. Your punch misses the jackal.
The jackal bites you.
You closely miss the jackal.
The jackal bites you but does no damage.
The jackal closely misses you.
The zap misses the jackal. x2; The jackal bites you.
The jackal closely misses you.
You hit the jackal.
The jackal is moderately wounded.
The jackal bites you. The jackal barely misses you. The jackal bites you.
Unknown command.
You hit the jackal but do no damage.
The jackal bites you but does no damage.
The jackal completely misses you. The jackal bites you.
The jackal barely misses you.
You hit the jackal but do no damage. The jackal bites you.
The jackal barely misses you.
You hit the jackal but do no damage.
The jackal bites you but does no damage. x2
Unknown command.
The jackal attacks as you move away! The jackal closely misses you. x2
The jackal bites you. x2
* * * LOW HITPOINT WARNING * * *
You closely miss the jackal. The jackal completely misses you.
The jackal bites you but does no damage.
You barely miss the jackal. The jackal closely misses you.
The jackal bites you.
* * * LOW HITPOINT WARNING * * *
The jackal bites you.
* * * LOW HITPOINT WARNING * * *
The jackal barely misses you.
You hit the jackal.
The jackal is moderately wounded.
The jackal misses you. The jackal bites you.
You die...

#...# #.#.# #...#
#.#.# #...# #.#.#
#...###### .
#.#.##...### .
....#...#..#.h@#
.h#
#........###h##†..#
#####....# #....#
#.#.## ##>...#
#.#.# ###.# #.#.# #
#.#.. #.### #..


You could see 2 jackals.

Vanquished Creatures
  A hobgoblin (D:1)
1 creature vanquished.

Notes
Turn   | Place    | Note
-------+----------+-------------------------------------------
     0 | D:1      | xian the Demonspawn Air Elementalist began the quest for
                  | the Orb.
     0 | D:1      | Reached XP level 1. HP: 13/13 MP: 3/3
    46 | D:1      | Slain by a jackal

Illustrated notes

Levels and vault maps discovered:
D:1:      lemuel_arrival_hallway, layout_basic, minmay_statues_item

Action                     || total
---------------------------++-------
  Melee: Unarmed           ||     9
   Cast: Shock             ||     4
 Armour: Robe              ||     5
  Dodge: Dodged            ||    12

Table legend: (Time is in decaauts)
 A = Elapsed time spent in this place.
 B = Non-inter-level travel time spent in this place.
 C = Inter-level travel time spent in this place.
 D = Time resting spent in this place.
 E = Time spent auto-exploring this place.
 F = Levels seen in this place.
 G = Mean time per level.
                   A        B        C        D        E       F      G
               +--------+--------+--------+--------+--------+-----+--------+
         Total |     46 |     46 |      0 |      0 |     21 |   1 |   46.0 |
       Dungeon |     46 |     46 |      0 |      0 |     21 |   1 |   46.0 |
               +--------+--------+--------+--------+--------+-----+--------+

Top non-repeatable levels by time:
     D:1: 46 daAuts
